 Dungeon Crawl Stone Soup version 0.29.0-7-g18a832c13a (webtiles) character file.

Game seed: 2110661662621104252

55 ImASeal the Poker (level 3, 0/27 HPs)
             Began as a Demonspawn Gladiator on Aug 31, 2022.
             Slain by a gnoll
             ... wielding a +0 club
              (8 damage)
             ... on level 2 of the Dungeon.
             The game lasted 00:02:52 (1907 turns).

ImASeal the Poker (Demonspawn Gladiator)            Turns: 1907, Time: 00:02:53

Health: 0/27       AC:  3    Str: 14    XL:     3   Next: 67%
Magic:  3/3        EV: 12    Int:  9    God:
Gold:   95         SH:  0    Dex: 16    Spells: 2/2 levels left

rFire   . . .      SeeInvis .   a - +0 trident
rCold   . . .      Faith    .   (no shield)
rNeg    . . .      Spirit   .   b - +0 leather armour
rPois   .          Reflect  .   (helmet restricted)
rElec   .          Harm     .   (no cloak)
rCorr   .          Rampage  .   (no gloves)
Will    .....                   (no boots)
Stlth   +.........              (no amulet)
HPRegen 0.09/turn               (no ring)
MPRegen 0.08/turn               (no ring)

@: no status effects
A: antennae 1
a: no special abilities


You were on level 2 of the Dungeon.
You visited 1 branch of the dungeon, and saw 2 of its levels.

You collected 150 gold pieces.
You spent 55 gold pieces at shops.

Inventory:

Hand Weapons
 a - a +0 trident (weapon)
Missiles
 d - 3 throwing nets (quivered)
 e - a javelin
Armour
 b - a +0 leather armour (worn)
 c - a +0 helmet
Scrolls
 f - a scroll of identify {unknown}
 g - a scroll of immolation {unknown}
 h - a scroll of enchant armour {unknown}
 i - a scroll of poison {unknown}
 k - a scroll of fear {unknown}
 m - 2 scrolls of teleportation {unknown}
Potions
 j - a potion of might {unknown}
 l - a potion of brilliance {unknown}
 n - a potion of heal wounds


   Skills:
 - Level 2.2 Fighting
 + Level 4.1 Polearms
 - Level 1.8 Throwing
 - Level 2.7 Dodging


You had 2 spell levels left.
You didn't know any spells.
Your spell library was empty.

Dungeon Overview and Level Annotations

Branches:
Dungeon (2/15)

Altars:

Shops:
D:2 !


Innate Abilities, Weirdness & Mutations

You have a pair of small antennae on your head.


Message History

The gnoll shouts!
You hit the hobgoblin.
You kill the hobgoblin!
You reach to attack!
You hit the endoplasm but do no damage.
A gnoll comes into view. It is wielding a +0 flail.
You puncture the endoplasm!
You kill the endoplasm!
A gnoll comes into view. It is wielding a +0 club.
The gnoll moves out of view.
The quokka bites you. The quokka barely misses you.
The quokka attacks as you move away! The quokka misses you.
The quokka bites you.
You closely miss the quokka. The quokka bites you.
You closely miss the quokka. The quokka closely misses you.
You miss the quokka. The quokka barely misses you. x2
You hit the quokka.
The quokka is almost dead.
The quokka bites you.
You hit the quokka.
You kill the quokka!
You puncture the gnoll!
The gnoll is heavily wounded.
The gnoll hits you with a +0 club.
You are too injured to fight recklessly!
You are too injured to fight recklessly!
You hit the gnoll but do no damage.
The gnoll is heavily wounded.
The gnoll hits you with a +0 club.
* * * LOW HITPOINT WARNING * * *
You hit the gnoll.
The gnoll is severely wounded.
The gnoll closely misses you.
You closely miss the gnoll.
The gnoll is severely wounded.
The gnoll barely misses you.
You hit the gnoll but do no damage.
The gnoll is severely wounded.
The gnoll hits you with a +0 club!
You die...

.##.# ##.## #w..
#...####### #.####.)#
#.........# #......w#
#...#####.# ##.####.# #####
#.# #g.# #.# #.## #.#
#.###.##############.######
#....gwwgg@........#.......
##################.........
##########


You could see a worm, 3 gnolls and a dart slug.

Vanquished Creatures
  2 adders (D:2)
  8 ball pythons
  2 bats (D:2)
  2 endoplasms (D:2)
  A giant cockroach (D:1)
  7 goblins
  2 hobgoblins
  2 quokkas (D:2)
  6 frilled lizards (D:1)
  2 kobolds (D:1)
  3 rats
37 creatures vanquished.

Notes
Turn   | Place    | Note
-------+----------+-------------------------------------------
     0 | D:1      | ImASeal the Demonspawn Gladiator began the quest for the
                  | Orb.
     0 | D:1      | Reached XP level 1. HP: 16/16 MP: 1/1
    40 | D:1      | Found a faded altar of an unknown god.
   412 | D:1      | Reached skill level 3 in Polearms
   528 | D:1      | Gained mutation: You have a pair of small antennae on your
                  | head. [demonic ancestry]
   528 | D:1      | Reached XP level 2. HP: 22/22 MP: 2/2
  1601 | D:2      | Reached XP level 3. HP: 27/27 MP: 3/3
  1702 | D:2      | Reached skill level 4 in Polearms
  1707 | D:2      | Found Vyoproe's Distillery.
  1733 | D:2      | Bought a potion of heal wounds for 55 gold pieces
  1907 | D:2      | Slain by a gnoll

Illustrated notes

Levels and vault maps discovered:
D:1:      eino_arrival_water_cross, layout_loops_corners,
          hellmonk_ecumenical_altar_crossroads, minmay_misc_feat_cross,
          nrook_mini_vaults
D:2:      layout_loops_ring, serial_shops, shop_coins, minmay_hexomino_c4

Skill      XL: |  1  2  3 |
---------------+----------+-----
Polearms       | 3 4 |  4.1
Fighting       | |  2.2
Throwing       | |  1.8
Dodging        | |  2.7

Action                   || total
-------------------------++-------
Melee: Trident           ||   117
       Punch             ||     1
 Stab: Sleeping          ||     5
Armor: Leather armour    ||    25
Dodge: Dodged            ||    60
